 Dungeon Crawl Stone Soup version 0.19.0-19-g8c6edcc (webtiles) character file.

522 Bluestream the Conjurer (level 7, -3/36 HPs)
             Began as a Deep Elf Conjurer on Nov 12, 2016.
             Slain by a yak (9 damage)
             ... on level 4 of the Dungeon.
             The game lasted 00:07:34 (4838 turns).

Bluestream the Conjurer (Deep Elf Conjurer)         Turns: 4838, Time: 00:07:34

Health: -3/36      AC:  5    Str:  5    XL:     7   Next: 1%
Magic:  11/17      EV: 15    Int: 22    God:
Gold:   188        SH:  0    Dex: 15    Spells: 4 memorised, 7 levels left

rFire  . . .     SeeInvis .     (no weapon)
rCold  . . .     Gourm    .     a - +0 robe
rNeg   . . .     Faith    .     (no shield)
rPois  .         Spirit   .     (no helmet)
rElec  .         Reflect  .     (no cloak)
rCorr  .         Harm     .     (no gloves)
MR     .....                    k - +2 pair of boots
Stlth  +.........               (no amulet)
                                (no ring)
                                l - ring of loudness (curse)

@: no status effects
A: no striking features
a: no special abilities


You were on level 4 of the Dungeon.
You were hungry.

You visited 1 branch of the dungeon, and saw 5 of its levels.

You collected 188 gold pieces.

Inventory:

Armour
 a - a +0 robe (worn)
 k - a +2 pair of boots (worn)
Jewellery
 l - a cursed ring of loudness (left hand)
 w - an uncursed ring of flight {unknown}
Scrolls
 e - 2 scrolls of recharging {unknown}
 f - a scroll of fear {unknown}
 g - a scroll of magic mapping {unknown}
 h - a scroll of enchant armour {unknown}
 n - 3 scrolls of teleportation {unknown}
 o - a scroll of blinking {unknown}
 q - 3 scrolls of identify {unknown}
 u - 3 scrolls of remove curse {unknown}
 x - a scroll of amnesia {unknown}
 y - a scroll of fog {unknown}
 D - a scroll of immolation {unknown}
Potions
 d - a potion of heal wounds {unknown}
 j - a potion of degeneration {unknown}
 m - a potion of berserk rage {unknown}
 p - 4 potions of curing {unknown}
 s - a potion of brilliance {unknown}
 t - a potion of cancellation {unknown}
 v - a potion of ambrosia {unknown}
 z - a potion of agility {unknown}
 A - a potion of haste {unknown}
 B - a potion of flight {unknown}
 C - a potion of mutation {unknown}
Books
 b - a book of Conjurations

   Spells                             Type                      Level
   a - Magic Dart                     Conjuration                  1
   b - Searing Ray                    Conjuration                  2
   c - Dazzling Spray                 Conjuration/Hexes            3
   d - Fulminant Prism                Conjuration/Hexes            4
   e - Iskenderun's Mystic Blast      Conjuration                  4
   f - Iskenderun's Battlesphere      Conjuration/Charms           5
Comestibles
 c - 4 bread rations
 i - 2 beef jerkies
 r - 3 meat rations


   Skills:
 + Level 4.6 Dodging
 - Level 2.4 Stealth
 + Level 5.6 Spellcasting
 * Level 7.4 Conjurations


You had 7 spell levels left.
You knew the following spells:

 Your Spells              Type           Power        Failure   Level  Hunger
a - Magic Dart            Conj           ####         1%          1    None
b - Searing Ray           Conj           #####.       1%          2    None
c - Dazzling Spray        Conj/Hex       ###...       8%          3    ##.....
d - Fulminant Prism       Conj/Hex       ###.......   21%         4    ####...


Dungeon Overview and Level Annotations

Branches:
Dungeon (5/15)
 Temple: D:4-7

Altars:
Ashenzari
Trog


Message History

The searing ray hits the yak.
The yak is heavily wounded.
The searing ray hits the frilled lizard.
You kill the frilled lizard!
You finish channeling your searing ray.
The yak closely misses you. The yak gores you. The yak gores you!
* * * LOW HITPOINT WARNING * * *
There is a stone staircase leading up here.
The yak closely misses you.
You climb upwards.
There is a stone staircase leading down here.
Casting: Searing Ray
Confirm with . or Enter, or press ? or * to list all spells.
Aiming: Searing Ray
Press: ? - help, Shift-Dir - straight line, f - yak
Aim: a yak (severely wounded)
The searing ray hits the yak.
The yak is almost dead.
The yak gores you!
You die...

.........###
........#####
............##
#............#
##.<.........##
#............#
#............##
#.............#####
#..............@Y.#
##.............#####
#..............#
...............#
...............#
...............#
...............#
...............#
...............###


You could see a yak.

Vanquished Creatures
  The ghost of Timinator the Skirmisher, an amateur GrAr (D:4)
  A scorpion (D:3)
  2 orc priests (D:4)
  A centaur skeleton (D:4)
  2 worker ants (D:4)
  An orc wizard (D:4)
  4 oozes
  4 worms
  2 dart slugs (D:1)
  2 leopard geckos
  12 orcs
  3 ball pythons
  6 bats
  4 giant cockroaches
  9 goblins
  14 hobgoblins
  5 jackals (D:3)
  A quokka (D:3)
  A ball python skeleton (D:4)
  9 frilled lizards
  10 kobolds
  6 rats
100 creatures vanquished.

Notes
Turn   | Place    | Note
-------+----------+-------------------------------------------
     0 | D:1      | Bluestream the Deep Elf Conjurer began the quest for the Orb.
     0 | D:1      | Reached XP level 1. HP: 10/10 MP: 6/6
   407 | D:1      | Reached XP level 2. HP: 15/15 MP: 6/8
   841 | D:1      | Learned a level 2 spell: Searing Ray
   842 | D:1      | Reached XP level 3. HP: 19/19 MP: 0/10
  1280 | D:2      | Reached skill level 5 in Conjurations
  2017 | D:3      | Learned a level 3 spell: Dazzling Spray
  2154 | D:3      | Reached XP level 4. HP: 24/24 MP: 3/12
  2443 | D:3      | Reached XP level 5. HP: 28/28 MP: 5/13
  2603 | D:3      | Found a bloodstained altar of Trog.
  2923 | D:3      | Reached skill level 6 in Conjurations
  3173 | D:3      | Found a shattered altar of Ashenzari.
  3748 | D:4      | Learned a level 4 spell: Fulminant Prism
  3810 | D:4      | Noticed Timinator's ghost (amateur GrAr)
  3932 | D:4      | Killed Timinator's ghost
  3932 | D:4      | Reached skill level 5 in Spellcasting
  3932 | D:4      | Reached skill level 7 in Conjurations
  3932 | D:4      | Reached XP level 6. HP: 21/32 MP: 4/16
  4496 | D:4      | Reached XP level 7. HP: 36/36 MP: 10/17
  4737 | D:5      | Entered Level 5 of the Dungeon
  4813 | D:5      | Noticed a yak
  4815 | D:5      | Noticed a yak
  4816 | D:5      | Noticed a yak
  4817 | D:5      | Noticed a yak
  4819 | D:5      | Noticed a yak
  4838 | D:4      | Slain by a yak

Skill      XL: |  1  2  3  4  5 |
---------------+----------------+-----
Dodging        | 3 4 |  4.6
Conjurations   | 5 7 |  7.4
Spellcasting   | 4 5 |  5.6
Stealth        | |  2.4

Action                   |  1- 3 |  4- 6 |  7- 9 || total
-------------------------+-------+-------+-------++-------
Melee: Unarmed           |     7 |       |       ||     7
 Cast: Magic Dart        |    93 |   114 |     2 ||   209
       Searing Ray       |     4 |     9 |     3 ||    16
  Eat: Chunk             |     3 |     7 |     1 ||    11
Armor: Robe              |     2 |     9 |       ||    11
Dodge: Dodged            |    11 |    16 |     3 ||    30
